 Dungeon Crawl Stone Soup version 0.22.1-1-ga44c0e5 (webtiles) character file.

144 Fang the Chopper (level 5, -3/49 HPs)
             Began as a Gargoyle Berserker on Oct 23, 2018.
             Was a Priest of Trog.
             Slain by an iguana (10 damage)
             ... on level 4 of the Dungeon.
             The game lasted 00:02:44 (2616 turns).

Fang the Chopper (Gargoyle Berserker)               Turns: 2616, Time: 00:02:45

Health: -3/49      AC:  6    Str: 27    XL:     5   Next: 27%
Magic:  5/5        EV: 12    Int:  7    God:    Trog [***...]
Gold:   101        SH:  2    Dex:  9    Spells: 4/4 levels left

rFire    . . .     SeeInvis .   a - +0 hand axe
rCold    . . .     Gourm    .   (no shield)
rNeg     + . .     Faith    .   b - +0 animal skin
rPois    ∞         Spirit   .   (no helmet)
rElec    +         Reflect  +   (no cloak)
rCorr    .         Harm     .   (no gloves)
MR       .....                  (no boots)
Stlth    ..........             l - +2 amulet of reflection
HPRegen  0.16/turn              (no ring)
MPRegen  0.09/turn              (no ring)

@: berserking, very quick
A: negative energy resistance 1, electricity resistance, unbreathing,
petrification resistance, rot immunity, AC +4
a: Berserk, Trog's Hand, Renounce Religion


You were on level 4 of the Dungeon.
You worshipped Trog.
Trog was most pleased with you.
You were very hungry.

You visited 1 branch of the dungeon, and saw 4 of its levels.

You collected 101 gold pieces.

Inventory:

Hand Weapons
 a - a +0 hand axe (weapon)
Armour
 b - a +0 animal skin (worn)
Jewellery
 l - a +2 amulet of reflection (around neck)
Scrolls
 e - 4 scrolls of identify {unknown}
 g - 5 scrolls of enchant armour {unknown}
 i - 3 scrolls of remove curse {unknown}
 j - a scroll of magic mapping {unknown}
 k - a scroll of blinking {unknown}
 p - a scroll of amnesia {unknown}
 r - 2 scrolls of teleportation {unknown}
Potions
 d - 5 potions of curing {unknown}
 f - a potion of flight {unknown}
 h - a potion of brilliance {unknown}
 m - 2 potions of heal wounds {unknown}
 n - a potion of berserk rage {unknown}
 o - a potion of resistance {unknown}
 s - a potion of lignification {unknown}
Comestibles
 c - 6 rations


   Skills:
 + Level 4.0 Fighting
 + Level 4.3 Axes
 + Level 2.3 Armour
 + Level 2.3 Dodging
 + Level 0.1 Stealth


You had 4 spell levels left.
You didn't know any spells.
Your spell library was empty.

Dungeon Overview and Level Annotations

Branches:
Dungeon (3/15)

Altars:
Nemelex Xobeh


Innate Abilities, Weirdness & Mutations

You are resistant to torment.
Your stone body is resilient. (AC +4)
You are immune to poison.
You resist negative energy. (rN+)
You are resistant to electric shocks. (rElec)
You can survive without breathing.
You are immune to petrification.
You are immune to rotting.


Message History

You feel yourself moving faster!
You feel mighty!
You are feeling very hungry.
The hound misses you.
The iguana bites you but does no damage.
You closely miss the hound.
The hound is lightly wounded.
You hit the iguana. The hound bites you.
* * * LOW HITPOINT WARNING * * *
The iguana closely misses you.
Unknown command.
You barely miss the hound.
The hound is lightly wounded.
You closely miss the iguana. The hound misses you.
Unknown command.
You closely miss the hound.
The hound is lightly wounded.
You hit the iguana.
The hound pauses to sniff the ground.
The hound bites you but does no damage. The iguana bites you!
You die...

.#... .... .
...##.. .....##
###.......
......... #
#hl..<... #. #@#
#..# . #..##.#
#..# .# ..
#.....#
#..#..#...
##.###.###..#....
.............##.#
#####...........#
#.#.##...##.#
#...##......#
#..........[#


You could see an iguana and a hound.

Vanquished Creatures
  5 adders
  3 worms
  2 dart slugs
  3 leopard geckos
  8 orcs (D:3)
  10 bats
  A giant cockroach (D:3)
  5 goblins
  9 hobgoblins
  6 jackals (D:2)
  10 kobolds
  2 frilled lizards (D:2)
  14 rats
78 creatures vanquished.

Notes
Turn   | Place    | Note
-------+----------+-------------------------------------------
     0 | D:1      | Fang the Gargoyle Berserker began the quest for the Orb.
     0 | D:1      | Reached XP level 1. HP: 14/14 MP: 1/1
   104 | D:1      | Reached XP level 2. HP: 16/19 MP: 2/2
   953 | D:1      | Reached XP level 3. HP: 24/24 MP: 3/3
  1153 | D:2      | Reached ** piety under Trog
  1366 | D:2      | Reached XP level 4. HP: 29/29 MP: 4/4
  1845 | D:2      | Found a sparkling altar of Nemelex Xobeh.
  2232 | D:3      | Reached XP level 5. HP: 21/33 MP: 5/5
  2300 | D:3      | Reached *** piety under Trog
  2572 | D:3      | You fall through a shaft!
  2616 | D:4      | Slain by an iguana

Skill      XL: |  1  2  3  4 |
---------------+-------------+-----
Axes           | 3 4 |  4.3
Dodging        | 2 |  2.3
Fighting       | 4 |  4.0
Armour         | |  2.3
Stealth        | |  0.1

Action                   |  1- 3 |  4- 6 || total
-------------------------+-------+-------++-------
Melee: Hand axe          |    89 |   155 ||   244
Invok: Berserk           |     1 |     2 ||     3
 Stab: Sleeping          |       |     1 ||     1
  Eat: Chunk             |     2 |     5 ||     7
Armor: Animal skin       |    30 |    55 ||    85
Dodge: Dodged            |    72 |   110 ||   182
Block: Other             |       |    10 ||    10
       Reflection        |       |     1 ||     1
